 Dungeon Crawl Stone Soup version 0.29.1 (webtiles) character file.

Game seed: 442220069521324113

3920 qw the Cleaver (level 10, -4/88 HPs)
             Began as a Minotaur Berserker on Sept 13, 2022.
             Was an Elder of Trog.
             Slain by a two-headed ogre
             ... wielding a +0 giant club
              (22 damage)
             ... on level 9 of the Dungeon.
             The game lasted 00:02:55 (10418 turns).

qw the Cleaver (Minotaur Berserker)                Turns: 10418, Time: 00:02:55

Health: -4/88      AC: 16    Str: 26    XL:     10   Next: 1%
Magic:  9/9        EV:  8    Int:  8    God:    Trog [****..]
Gold:   530        SH:  0    Dex: 10    Spells: 9/9 levels left

rFire   + . .      SeeInvis .   g - +2 broad axe (vamp)
rCold   + . .      Faith    .   (no shield)
rNeg    . . .      Spirit   .   v - +1 plate armour
rPois   .          Reflect  .   (helmet restricted)
rElec   .          Harm     .   c - +2 cloak {Stlth+}
rCorr   .          Rampage  .   (no gloves)
Will    .....                   (no boots)
Stlth   ..........              m - amulet of the acrobat
HPRegen 0.24/turn               e - ring of Idekeash {rC+ Int+4}
MPRegen 0.11/turn               s - ring of protection from fire

@: about to teleport, on berserk cooldown, slowed, very slow
A: horns 2, retaliatory headbutt
a: Renounce Religion, Berserk, Trog's Hand, Brothers in Arms


You were on level 9 of the Dungeon.
You worshipped Trog.
Trog was greatly pleased with you.
You visited 1 branch of the dungeon, and saw 9 of its levels.
You also visited: Ossuary.

You collected 530 gold pieces.


Innate Abilities, Weirdness & Mutations

You have a pair of horns on your head.
You reflexively headbutt those who attack you in melee.


   Skills:
 - Level 8.0 Fighting
 - Level 14.1 Axes
 - Level 3.0 Throwing
 + Level 6.0 Armour
 - Level 3.0 Dodging


You had 9 spell levels left.
You didn't know any spells.
Your spell library was empty.

Inventory:

Hand Weapons
 g - a +2 vampiric broad axe (weapon)
 p - a +0 flail
Missiles
 i - a boomerang (quivered)
 r - a javelin
Armour
 c - a +2 cloak of stealth (worn)
 v - a +1 plate armour (worn)
Jewellery
 e - the ring of Idekeash (left hand) {rC+ Int+4}
   (You acquired it on level 2 of the Dungeon)

   [ring of protection from cold]

   Int:       It affects your intelligence (+4).
   rC:        It protects you from cold.
 m - an amulet of the acrobat (around neck)
 s - a ring of protection from fire (right hand)
 u - a ring of positive energy
Scrolls
 d - 2 scrolls of identify
 j - 2 scrolls of teleportation
Potions
 a - 4 potions of curing
 b - 4 potions of haste
 f - a potion of resistance
 n - a potion of might
 o - 3 potions of heal wounds

Dungeon Overview and Level Annotations

Branches:
Dungeon (9/15)             Temple (0/1) D:5         Ossuary (visited)
   Lair: D:8-11         Orc: D:9-12

Altars:
Dithmenos
Gozag
Kikubaaqudgha
Sif Muna
Xom
Zin

Shops:
D:6 *   D:7 *

Annotations:
D:4 3 runed translucent doors, qw's ghost, weakling GrDe
D:6 3 runed translucent doors, qw's ghost, novice GrFi
D:7 1 runed translucent door, Crazy Yiuf


Message History

You kill the steam dragon!
Trog accepts your kill.
Your Armour skill increases to level 6!
You have reached level 10!
You start waiting.
You feel a strong urge to attack something.
A two-headed ogre comes into view. It is wielding two +0 giant clubs.
You feel your anger nearly subside.
You are no longer berserk.
You are exhausted.
You feel yourself slow down.
The two-headed ogre is engulfed in a cloud of scalding steam.
You hit the two-headed ogre but do no damage.
The two-headed ogre is lightly wounded.
The two-headed ogre hits you with a +0 giant club!!
The two-headed ogre hits you with a +0 giant club.
You hit the two-headed ogre.
You feel better.
The two-headed ogre is moderately wounded.
The two-headed ogre barely misses you.
The two-headed ogre hits you with a +0 giant club.
You hit the two-headed ogre.
You feel better.
The two-headed ogre is moderately wounded.
The two-headed ogre completely misses you.
The two-headed ogre hits you with a +0 giant club!!
You hit the two-headed ogre. You headbutt the two-headed ogre.
The two-headed ogre is heavily wounded.
The two-headed ogre hits you but does no damage.
The two-headed ogre hits you with a +0 giant club!!
You slash the two-headed ogre!
You feel better.
Your punch misses the two-headed ogre.
The two-headed ogre is severely wounded.
The two-headed ogre hits you with a +0 giant club. x2
You hit the two-headed ogre.
You feel better.
You headbutt the two-headed ogre!
The two-headed ogre is almost dead.
The two-headed ogre hits you with a +0 giant club!
The two-headed ogre hits you with a +0 giant club.
10418 ||| READING 3 scrolls of teleportation.
As you read the scroll of teleportation, it crumbles to dust.
You feel strangely unstable.
The two-headed ogre hits you with a +0 giant club!!
You die...

#..... ##########.#
#....#### .......
..###.......# #..#..#
........... #.?#..# #.#
#.%#.##.#. #..#<.# #.#
#......... .##..#..#
#.###...###.#.
........###.#.......#.#
###.............@.....#
#...........#...O....##
........#######...##.#
#.......# #...# .#
......... ...## #
###...#### ##### #####


You could see a two-headed ogre.

Vanquished Creatures
  Grinder (D:3)
  A hornet (D:7)
  2 wraiths
  A wyvern (D:7)
  A steam dragon (D:9)
  3 water moccasins
  2 ice beasts
  An orc warrior (D:8)
  A black bear (D:7)
  2 ogres
  A phantom (D:4)
  Blork the orc (D:6)
  3 scorpions
  4 bullfrogs
  14 wights
  A jelly (D:6)
  7 hounds
  A human zombie (Ossuary)
  3 iguanas
  Terence (D:2)
  3 orc wizards
  Natasha (thrice) (D:4)
  3 mummies (Ossuary)
  6 gnolls
  9 adders
  3 white imps
  3 adder zombies (Ossuary)
  A worm (D:2)
  3 dart slugs
  5 orcs
  5 ball pythons
  8 bats
  5 endoplasms
  2 giant cockroaches
  5 goblins
  8 hobgoblins
  4 jackals (D:1)
  5 quokkas
  10 frilled lizards
  2 goblin zombies (Ossuary)
  2 hobgoblin zombies (Ossuary)
  8 kobolds
  2 kobold zombies (Ossuary)
  An orc zombie (Ossuary)
  6 quokka zombies (Ossuary)
  8 rats
  3 rat zombies
174 creatures vanquished.

Vanquished Creatures (others)
  An orc wizard (D:7)
1 creature vanquished.

Grand Total: 175 creatures vanquished

Notes
Turn   | Place    | Note
-------+----------+-------------------------------------------
     0 | D:1      | qw the Minotaur Berserker began the quest for the Orb.
     0 | D:1      | Reached XP level 1. HP: 19/19 MP: 0/0
     0 | D:1      | 0 ||| qw: Version: 0.1-a-119-g272c26d
     0 | D:1      | 0 ||| qw: Game counter: 11237
     0 | D:1      | 0 ||| qw: Always use a shield: true
     0 | D:1      | 0 ||| qw: Do Orc after D:15 true
     0 | D:1      | 0 ||| qw: Do second Lair branch before Depths: true
     0 | D:1      | 0 ||| qw: Lair rune preference: random
     0 | D:1      | 0 ||| qw: Plans: Normal
     0 | D:1      | 0 ||| PLANNING D:1-11
    12 | D:1      | 12 ||| Stepping ~*~*~tactically~*~*~ (stealth).
    13 | D:1      | 13 ||| Stepping ~*~*~tactically~*~*~ (stealth).
    45 | D:1      | Reached skill level 4 in Axes
   157 | D:1      | 157 ||| Stepping ~*~*~tactically~*~*~ (stealth).
   185 | D:1      | Reached XP level 2. HP: 26/26 MP: 1/1
   207 | D:1      | 207 ||| Stepping ~*~*~tactically~*~*~ (stealth).
   229 | D:1      | 229 ||| Stepping ~*~*~tactically~*~*~ (stealth).
   230 | D:1      | 230 ||| Stepping ~*~*~tactically~*~*~ (stealth).
   231 | D:1      | 231 ||| DROPPING +0 club.
   246 | D:1      | 246 ||| Stepping ~*~*~tactically~*~*~ (stealth).
   248 | D:1      | 248 ||| Stepping ~*~*~tactically~*~*~ (stealth).
   461 | D:1      | 461 ||| Stepping ~*~*~tactically~*~*~ (hiding).
   464 | D:1      | 464 ||| Stepping ~*~*~tactically~*~*~ (hiding).
   467 | D:1      | Reached ** piety under Trog
   686 | D:1      | Reached skill level 5 in Axes
   848 | D:1      | 848 ||| Stepping ~*~*~tactically~*~*~ (stealth).
   850 | D:1      | 850 ||| Stepping ~*~*~tactically~*~*~ (stealth).
  1054 | D:1      | Reached XP level 3. HP: 31/31 MP: 2/2
  1056 | D:1      | Found a faded altar of an unknown god.
  1057 | D:1      | 1057 ||| Stepping ~*~*~tactically~*~*~ (stealth).
  1322 | D:1      | 1322 ||| UPGRADING to +0 ring mail.
  1332 | D:1      | 1332 ||| DROPPING +0 animal skin.
  1333 | D:1      | 1333 ||| UPGRADING to +0 chain mail.
  1343 | D:1      | 1343 ||| DROPPING +0 ring mail.
  1344 | D:1      | 1344 ||| DROPPING amulet of faith.
  1345 | D:1      | 1345 ||| READING scroll labelled ZUQ EMYKLEE.
  1349 | D:1      | 1349 ||| READING scroll labelled GYPAOF ERARRE.
  1350 | D:1      | 1350 ||| READING scroll labelled ILENGU ESOKY.
  1351 | D:1      | 1351 ||| READING scroll labelled TIYCON ZACH.
  1352 | D:1      | 1352 ||| READING 2 scrolls labelled HUIZAIMUMYST.
  1353 | D:1      | 1353 ||| READING scroll of enchant weapon.
  1353 | D:1      | 1353 ||| ENCHANTING +1 hand axe.
  1354 | D:1      | 1354 ||| DRINKING 2 inky potions.
  1355 | D:1      | 1355 ||| DROPPING potion of flight.
  1463 | D:2      | Found a glowing silver altar of Zin.
  1763 | D:2      | Noticed Terence
  1768 | D:2      | 1768 ||| INVOKING Berserk.
  1770 | D:2      | Killed Terence
  1771 | D:2      | Reached skill level 6 in Axes
  1771 | D:2      | Reached XP level 4. HP: 39/39 MP: 3/3
  1820 | D:2      | 1820 ||| Stepping ~*~*~tactically~*~*~ (stealth).
  1821 | D:2      | 1821 ||| Stepping ~*~*~tactically~*~*~ (stealth).
  2328 | D:2      | 2328 ||| READING 2 scrolls labelled SOMOUZ YMIB.
  2329 | D:2      | 2329 ||| READING scroll labelled OHEHOO TIENK.
  2329 | D:2      | Identified a scroll of acquirement
  2329 | D:2      | 2329 ||| ACQUIRING ring of Idekeash {rC+ Int+4}
  2329 | D:2      | Acquired the ring of Idekeash {rC+ Int+4}
  2331 | D:2      | 2331 ||| UPGRADING to ring of Idekeash {rC+ Int+4}.
  2332 | D:2      | 2332 ||| DROPPING scroll of amnesia.
  2433 | D:3      | Noticed Grinder
  2434 | D:3      | 2434 ||| INVOKING Trog's Hand.
  2435 | D:3      | 2435 ||| INVOKING Berserk.
  2439 | D:3      | Killed Grinder
  2440 | D:3      | Reached skill level 8 in Axes
  2440 | D:3      | Reached XP level 5. HP: 44/45 MP: 4/4
  2440 | D:3      | Reached XP level 6. HP: 50/51 MP: 5/5
  2580 | D:3      | 2580 ||| INVOKING Berserk.
  3282 | D:3      | Found an ancient bone altar of Kikubaaqudgha.
  3300 | D:3      | Found a shadowy altar of Dithmenos.
  3301 | D:3      | 3301 ||| UPGRADING to ring of positive energy.
  3302 | D:3      | 3302 ||| READING scroll labelled JOALIJ JETTI.
  3303 | D:3      | 3303 ||| READING scroll labelled XOIRCH VIEKUR.
  3304 | D:3      | 3304 ||| DRINKING 2 sedimented clear potions.
  3305 | D:3      | 3305 ||| READING 3 scrolls of identify.
  3305 | D:3      | 3305 ||| IDENTIFYING amethyst potion
  3306 | D:3      | 3306 ||| READING 2 scrolls of identify.
  3306 | D:3      | 3306 ||| IDENTIFYING ruby potion
  3461 | D:4      | Reached skill level 9 in Axes
  3601 | D:4      | Noticed Natasha
  3602 | D:4      | 3602 ||| Stepping ~*~*~tactically~*~*~ (hiding).
  3603 | D:4      | 3603 ||| Stepping ~*~*~tactically~*~*~ (hiding).
  3606 | D:4      | 3606 ||| INVOKING Berserk.
  3610 | D:4      | Killed Natasha
  3822 | D:4      | Noticed Natasha
  3826 | D:4      | 3826 ||| INVOKING Berserk.
  3827 | D:4      | Killed Natasha
  4034 | D:4      | Reached XP level 7. HP: 61/61 MP: 6/6
  4061 | D:4      | Found a runed translucent gate.
  4062 | D:4      | Found a runed translucent gate.
  4062 | D:4      | Found a runed translucent gate.
  4062 | D:4      | Noticed qw's ghost (weakling GrDe)
  4214 | D:4      | Reached skill level 3 in Armour
  4304 | D:4      | 4304 ||| Stepping ~*~*~tactically~*~*~ (hiding).
  4556 | D:4      | Noticed Natasha
  4558 | D:4      | 4558 ||| INVOKING Berserk.
  4562 | D:4      | Killed Natasha
  4730 | D:4      | 4730 ||| READING scroll labelled ZESAOW SIOW.
  4731 | D:4      | 4731 ||| READING scroll labelled KIMAPS ULEFUA.
  4732 | D:4      | 4732 ||| READING scroll labelled WURUT POOH.
  4733 | D:4      | 4733 ||| READING 4 scrolls of identify.
  4733 | D:4      | 4733 ||| IDENTIFYING orange potion
  4734 | D:4      | 4734 ||| READING 3 scrolls of identify.
  4734 | D:4      | 4734 ||| IDENTIFYING viscous ruby potion
  4735 | D:4      | 4735 ||| READING 2 scrolls of identify.
  4735 | D:4      | 4735 ||| IDENTIFYING viscous amethyst potion
  4736 | D:4      | 4736 ||| DROPPING potion of lignification.
  4771 | D:5      | Entered Level 5 of the Dungeon
  4772 | D:5      | 4772 ||| PLANNING OSSUARY
  4890 | D:5      | 4890 ||| INVOKING Berserk.
  5055 | D:5      | Found a sand-covered staircase.
  5056 | D:5      | 5056 ||| UPGRADING to +2 cloak of stealth.
  5061 | D:5      | 5061 ||| READING scroll labelled SAFORO XOUMMIOVI.
  5062 | D:5      | 5062 ||| DRINKING 3 viscous cyan potions.
  5063 | D:5      | 5063 ||| DROPPING 2 potions of degeneration.
  5064 | D:5      | 5064 ||| READING 2 scrolls of teleportation.
  5186 | D:5      | Found a staircase to the Ecumenical Temple.
  5245 | Ossuary  | Entered an ossuary
  5254 | Ossuary  | Reached skill level 10 in Axes
  5319 | Ossuary  | Reached *** piety under Trog
  5484 | Ossuary  | 5484 ||| READING scroll of enchant weapon.
  5484 | Ossuary  | 5484 ||| ENCHANTING +2 hand axe of freezing.
  5489 | D:5      | 5489 ||| PLANNING D:1-11
  5709 | D:5      | Reached skill level 6 in Fighting
  6219 | D:5      | 6219 ||| READING scroll labelled ZOITTOXURU.
  6366 | D:6      | Found Juiseut's Elemental Accessories.
  6417 | D:6      | Noticed Blork the orc
  6421 | D:6      | 6421 ||| INVOKING Berserk.
  6427 | D:6      | Killed Blork the orc
  6428 | D:6      | Reached XP level 8. HP: 59/70 MP: 7/7
  6574 | D:6      | 6574 ||| SWAPPING to +0 broad axe.
  6580 | D:6      | 6580 ||| DROPPING +0 mace.
  6581 | D:6      | 6581 ||| DROPPING +3 hand axe of freezing.
  6591 | D:6      | Identified the +1 ring mail of Boredom {-Tele MP+9 Stlth+}
  6929 | D:6      | Reached skill level 11 in Axes
  6947 | D:6      | Found a runed translucent gate.
  6947 | D:6      | Found a runed translucent gate.
  6948 | D:6      | Found a runed translucent gate.
  6948 | D:6      | Found an opulent altar of Gozag.
  7218 | D:6      | Reached skill level 12 in Axes
  7437 | D:6      | Noticed qw's ghost (novice GrFi)
  7437 | D:6      | Noticed a boulder beetle
  7494 | D:6      | Reached **** piety under Trog
  7498 | D:6      | 7498 ||| READING 2 scrolls of enchant weapon.
  7498 | D:6      | 7498 ||| ENCHANTING +0 broad axe.
  7499 | D:6      | 7499 ||| READING scroll of enchant weapon.
  7499 | D:6      | 7499 ||| ENCHANTING +1 broad axe.
  7556 | D:6      | 7556 ||| INVOKING Berserk.
  8110 | D:6      | 8110 ||| READING scroll labelled XEKOJUE HIGA.
  8111 | D:6      | 8111 ||| READING scroll labelled BATOCIPHED.
  8252 | D:6      | 8252 ||| READING 2 scrolls of identify.
  8252 | D:6      | 8252 ||| IDENTIFYING lumpy red potion
  8253 | D:6      | 8253 ||| DROPPING potion of invisibility.
  8261 | D:7      | 8261 ||| STAIRDANCE
  8287 | D:7      | 8287 ||| STAIRDANCE
  8340 | D:7      | Noticed a hornet
  8345 | D:7      | Killed a hornet
  8346 | D:7      | Reached XP level 9. HP: 72/79 MP: 8/8
  8457 | D:7      | Reached skill level 13 in Axes
  8621 | D:7      | 8621 ||| Stepping ~*~*~tactically~*~*~ (stealth).
  8627 | D:7      | 8627 ||| INVOKING Berserk.
  8742 | D:7      | Found a flagged portal.
  8789 | D:7      | Found a runed translucent door.
  8790 | D:7      | Noticed Crazy Yiuf
  8819 | D:7      | Found Suwaur's General Store.
  8826 | D:7      | 8826 ||| SHOPLISTING amulet of guardian spirit (480 gold,
                  | have 439).
  8884 | D:7      | 8884 ||| Stepping randomly (cloudy).
  8904 | D:7      | Found a shimmering blue altar of Sif Muna.
  8963 | D:7      | Found a shimmering altar of Xom.
  9066 | D:7      | 9066 ||| INVOKING Berserk.
  9070 | D:7      | Reached skill level 1 in Throwing
  9287 | D:7      | 9287 ||| UPGRADING to amulet of the acrobat.
  9492 | D:8      | 9492 ||| Stepping ~*~*~tactically~*~*~ (hiding).
  9495 | D:8      | 9495 ||| Stepping ~*~*~tactically~*~*~ (hiding).
  9503 | D:8      | Reached skill level 3 in Throwing
  9557 | D:8      | 9557 ||| Stepping ~*~*~tactically~*~*~ (hiding).
  9632 | D:8      | 9632 ||| READING scroll of brand weapon.
  9632 | D:8      | 9632 ||| BRANDING +2 broad axe.
  9949 | D:8      | Reached skill level 14 in Axes
  9956 | D:8      | Reached skill level 3 in Dodging
 10059 | D:8      | 10059 ||| INVOKING Berserk.
 10339 | D:8      | 10339 ||| DROPPING scarf of invisibility.
 10340 | D:8      | 10340 ||| UPGRADING to +0 plate armour.
 10350 | D:8      | 10350 ||| DROPPING +0 chain mail.
 10351 | D:8      | 10351 ||| READING scroll of enchant armour.
 10351 | D:8      | 10351 ||| ENCHANTING +0 plate armour.
 10352 | D:8      | 10352 ||| UPGRADING to ring of protection from fire.
 10354 | D:8      | 10354 ||| READING scroll labelled JONWUE GETUMM.
 10355 | D:8      | 10355 ||| READING 4 scrolls of identify.
 10355 | D:8      | 10355 ||| IDENTIFYING fuming red potion
 10356 | D:8      | 10356 ||| READING 3 scrolls of identify.
 10356 | D:8      | 10356 ||| IDENTIFYING dark potion
 10357 | D:8      | 10357 ||| DROPPING potion of brilliance.
 10358 | D:8      | 10358 ||| DROPPING potion of berserk rage.
 10399 | D:9      | 10399 ||| Stepping ~*~*~tactically~*~*~ (hiding).
 10400 | D:9      | 10400 ||| Stepping ~*~*~tactically~*~*~ (hiding).
 10401 | D:9      | 10401 ||| Stepping ~*~*~tactically~*~*~ (hiding).
 10403 | D:9      | 10403 ||| INVOKING Berserk.
 10406 | D:9      | Reached skill level 6 in Armour
 10406 | D:9      | Reached XP level 10. HP: 88/88 MP: 9/9
 10408 | D:9      | Noticed a two-headed ogre
 10417 | D:9      | HP: 19/88 [two-headed ogre/+0 giant club (15)]
 10418 | D:9      | 10418 ||| READING 3 scrolls of teleportation.
 10418 | D:9      | Slain by a two-headed ogre

Levels and vault maps discovered:
D:1:      onia_arrival_handbag, layout_basic,
          hellmonk_ecumenical_altar_dog_temple
D:2:      layout_loops_corners, basic_altar, uniq_terence
D:3:      minmay_bubble_buster, layout_rooms, mainiacjoe_overflow_swirl,
          serial_corexii_hall, corexii_hall_statues_x, corexii_hall_statues_t,
          uniq_grinder
D:4:      layout_loops_corners, ebering_ghost_rock_garden, uniq_natasha
D:5:      layout_loops_corners, minmay_temple_entry_statues, enter_ossuary_4,
          kennysheep_windowed_goal
D:6:      layout_layer_cave, ebering_ghost_gozag, serial_bayou_pond_a,
          nicolae_elemental_shop, uniq_blork_the_orc
D:7:      layout_loops_ring, tgw_sif, xom_butterflies, serial_shops, shop,
          enter_bailey_2, uniq_crazy_yiuf_cottage
D:8:      layout_loops_ring, serial_rivers, chequers_serial_rivers_micro_e,
          chequers_serial_rivers_marsh, chequers_serial_rivers_micro_d,
          chequers_serial_rivers_micro_a, kennysheep_generic_room_6
D:9:      layout_loops_ring, pdpol_wu_jian_five_deadly_venoms,
          nicolae_tso_swordbearing_angel, serial_shops, shop

Skill      XL: |  1  2  3  4  5  6  7  8  9 |
---------------+----------------------------+-----
Axes           | 4 5 6 8 9 10 12 14 | 14.1
Fighting       | 5 6 7 8 |  8.0
Armour         | 3 4 6 |  6.0
Throwing       | 3 |  3.0
Dodging        | 3 |  3.0

Action                   |  1- 3 |  4- 6 |  7- 9 | 10-12 || total
-------------------------+-------+-------+-------+-------++-------
Melee: Hand axe          |    80 |    83 |   114 |       ||   277
       Headbutt          |    12 |    11 |    39 |     2 ||    64
       Punch             |       |     1 |     1 |       ||     2
       Broad axe         |       |       |   122 |     6 ||   128
Throw: Javelin           |       |       |     9 |       ||     9
       Boomerang         |       |       |     4 |       ||     4
Invok: Berserk           |     1 |     4 |     8 |       ||    13
       Trog's Hand       |       |     1 |       |       ||     1
  Use: Scroll            |     6 |     6 |    20 |     1 ||    33
       Potion            |     1 |     1 |     1 |       ||     3
Armor: Animal skin       |     7 |       |       |       ||     7
       Chain mail        |     7 |    34 |    92 |       ||   133
       Plate armour      |       |       |     3 |     1 ||     4
Dodge: Dodged            |    42 |    20 |    57 |     2 ||   121

Table legend:
 A = Non-vault XP
 B = Vault XP
 C = Vault XP percentage of total XP
 D = Non-vault monster count
 E = Vault monster count
 F = Vault count percentage of total count
                 A         B        C        D         E       F
            +---------+---------+-------+---------+---------+-------
      Total |    4782 |     819 |  14.6 |     125 |      49 |  28.2
            +---------+---------+-------+---------+---------+-------
        D:1 |      39 |      13 |  25.0 |      26 |       8 |  23.5
        D:2 |      33 |      36 |  52.2 |      11 |       1 |   8.3
        D:3 |      50 |     350 |  87.5 |       9 |      13 |  59.1
        D:4 |     307 |      35 |  10.2 |      18 |       1 |   5.3
        D:5 |     245 |      39 |  13.7 |       9 |       3 |  25.0
        D:6 |    1174 |      96 |   7.6 |      22 |       1 |   4.3
        D:7 |    1381 |       0 |   0.0 |      13 |       0 |   0.0
        D:8 |    1156 |     130 |  10.1 |      15 |       1 |   6.2
        D:9 |     397 |       0 |   0.0 |       2 |       0 |   0.0
    Ossuary |       0 |     120 | 100.0 |       0 |      21 | 100.0
            +---------+---------+-------+---------+---------+-------
